AoeStats
← Jairzin

Arena

505994425Analyzed
4v4 RM · 21d ago on Sep 12, 2026· 43m 36s· 8 players
Game mode
Random Map
Map size
Large (8 player)
Population
200
Speed
Normal
Resources
Standard
Victory
Conquest
Starting age
Dark Age
Ending age
Imperial Age
RankedLock teamsTeams togetherTeam positionsShared explorationLock speedFull tech treeHidden civsTurbo modeCheats
Victory
Defeat
🇺🇸 Mongols · United States
961
+14
🇧🇷 Britons · Brazil
929
+15
🇧🇷 Aztecs · Brazil
924
+16
🇳🇱 Persians · Netherlands
919
+16
🇭🇰 Mongols · Hong Kong SAR China
1011
-19
🇦🇷 Japanese · Argentina
960
-49
🇵🇪 Italians · Peru
864
-13
🇦🇷 Koreans · Argentina
835
-12
Spicy Meatball
5:07 Loom
11:20 Feudal Age
18:24 Castle Age
16:38 Double-Bit Axe
17:07 Gold Mining
17:09 Horse Collar
22:28 Bow Saw
22:57 Gold Shaft Mining
23:21 Wheelbarrow
25:09 Bloodlines
24:52 Fletching
25:59 Heavy Plow
27:07 Bodkin Arrow
28:37 Padded Archer Armor
30:02 Ballistics
30:44 Leather Archer Armor
35:42 Imperial Age
34:35 Hand Cart
34:52 Husbandry
35:54 Thumb Ring
35:43 Elite Mangudai
36:55 Drill
36:44 Capped Ram
37:43 Bracer
39:09 Chemistry
38:56 Siege Ram
41:27 Conscription
EruSan
10:44 Feudal Age
15:24 Castle Age
14:36 Double-Bit Axe
14:33 Horse Collar
17:40 Bow Saw
28:12 Elite Skirmisher
Mineirinha
10:34 Feudal Age
14:59 Castle Age
13:05 Double-Bit Axe
17:54 Stone Mining
22:47 Horse Collar
23:42 Fletching
23:53 Padded Archer Armor
25:00 Bow Saw
27:01 Wheelbarrow
26:12 Loom
29:59 Imperial Age
28:47 Leather Archer Armor
28:28 Bodkin Arrow
30:19 Pikeman
32:03 Forging
31:53 Scale Mail Armor
32:00 Elite Longbowman
32:46 Warwolf
33:12 Yeomen
34:53 Chemistry
34:26 Halberdier
35:13 Bracer
35:48 Iron Casting
35:45 Squires
36:04 Chain Mail Armor
37:10 Arson
37:43 Hand Cart
38:43 Blast Furnace
38:14 Ring Archer Armor
37:20 Elite Longbowman
39:43 Two-Man Saw
39:44 Warwolf
40:05 Conscription
40:29 Hoardings
40:39 Plate Mail Armor
40:51 Ballistics
40:27 Murder Holes
Jairzin
13:21 Feudal Age
13:48 Double-Bit Axe
17:59 Castle Age
15:46 Horse Collar
16:00 Stone Mining
18:47 Heavy Plow
19:00 Bow Saw
24:29 Loom
26:10 Wheelbarrow
28:31 Hand Cart
28:29 Gold Mining
29:39 Stone Shaft Mining
30:15 Gold Shaft Mining
33:44 Imperial Age
32:15 Forging
32:06 Scale Mail Armor
32:24 Squires
32:10 Arson
32:33 Town Watch
32:37 Treadmill Crane
33:19 Ballistics
34:09 Iron Casting
33:50 Chain Mail Armor
33:25 Fletching
33:45 Elite Jaguar Warrior
34:46 Garland Wars
34:47 Conscription
34:45 Siege Engineers
35:29 Plate Mail Armor
36:12 Blast Furnace
35:47 Bodkin Arrow
35:55 Heated Shot
38:43 Crop Rotation
38:17 Town Patrol
41:29 Arrowslits
GoEchi
0:45 Loom
9:52 Feudal Age
16:10 Castle Age
14:47 Stone Mining
17:56 Double-Bit Axe
34:04 Horse Collar
34:25 Gold Mining
34:46 Bow Saw
35:33 Padded Archer Armor
35:24 Fletching
35:53 Heavy Plow
37:46 Stone Shaft Mining
36:33 Elite Skirmisher
37:19 Thumb Ring
41:17 Bodkin Arrow
41:42 Leather Archer Armor
聖君阿耀
0:31 Loom
13:09 Feudal Age
14:48 Wheelbarrow
17:39 Castle Age
15:35 Double-Bit Axe
15:59 Horse Collar
17:19 Fletching
20:03 Bloodlines
23:52 Bow Saw
24:02 Heavy Plow
24:41 Gold Mining
26:24 Padded Archer Armor
31:03 Hand Cart
31:00 Nomads
35:45 Imperial Age
33:43 Ballistics
33:18 Murder Holes
33:31 Thumb Ring
33:33 Husbandry
34:55 Town Watch
35:10 Bodkin Arrow
35:31 Leather Archer Armor
35:32 Fortified Wall
36:39 Gold Shaft Mining
36:42 Leather Archer Armor
36:41 Elite Mangudai
38:29 Conscription
39:11 Parthian Tactics
39:48 Chemistry
40:15 Light Cavalry
santylv28
10:05 Feudal Age
12:02 Double-Bit Axe
14:37 Wheelbarrow
15:39 Horse Collar
16:35 Gold Mining
21:11 Castle Age
25:19 Bow Saw
26:41 Gold Shaft Mining
27:03 Squires
27:18 Scale Mail Armor
27:21 Heavy Plow
35:18 Imperial Age
33:48 Forging
33:27 Arson
33:35 Gambesons
41:56 Hand Cart
elnano4cchi
3:34 Loom
11:17 Feudal Age
18:18 Castle Age
17:49 Forging
17:49 Double-Bit Axe
17:47 Horse Collar
18:02 Gold Mining
18:03 Stone Mining
21:28 Iron Casting
21:03 Scale Barding Armor
32:09 Wheelbarrow
33:08 Husbandry
34:23 Hand Cart
38:19 Imperial Age
37:27 Squires
39:11 Bow Saw
38:39 Cavalier
39:04 Pikeman
39:50 Scale Mail Armor
40:12 Chain Barding Armor
41:06 Gold Shaft Mining
41:08 Stone Shaft Mining
Connection lost

Rejoining the realm…

Still unreachable

The connection could not be restored.

Session expired

The server has moved on; the page needs a fresh start.